Map: Frozen Temple

Players

Hani - Winner!

  • Race: Protoss Protoss
  • League: Master

Miszu

  • Race: Terran Terran
  • League: Master

VOD

Have the link to the VOD?

Description

Time

  • Played on: April 20, 2016, 2:56 p.m.
  • Length: 6:28
Show
View Real Time Build Order
Export as new Build Order

Hani Protoss - Winner!

Build Orders: 1 Gate Expand, Oracle Opening 

Get SALT Encoding   

  12  0:01  Probe (Chrono Boost)  
  13  0:11  Probe (Chrono Boost)  
  14  0:17  Pylon  
  15  0:28  Probe (Chrono Boost)  
  15  0:37  Gateway  
  15  0:39  Probe (Chrono Boost)  
  16  0:44  Assimilator  
  16  0:49  Probe (Chrono Boost)  
  17  1:00  Probe (Chrono Boost)  
  18  1:10  Probe (Chrono Boost)  
  19  1:22  Nexus  
  19  1:34  Probe (Chrono Boost)  
  19  1:36  Cybernetics Core  
  20  1:44  Probe (Chrono Boost)  
  20  1:54  Assimilator  
  20  1:55  Probe (Chrono Boost)  
  20  1:59  Pylon  
  21  2:05  Probe (Chrono Boost)  
  22  2:13  Warp Gate  
  22  2:16  Probe  
  22  2:18  Adept (Chrono Boost)  
  25  2:28  Probe  
  26  2:32  Probe  
  27  2:40  Stargate  
  27  2:41  Probe (Chrono Boost)  
  27  2:44  Probe (Chrono Boost)  
  29  2:52  Probe (Chrono Boost)  
  29  2:55  Probe (Chrono Boost)  
  29  2:57  Adept  
  33  3:02  Probe (Chrono Boost)  
  33  3:05  Probe (Chrono Boost)  
  35  3:13  Probe (Chrono Boost)  
  35  3:16  Probe (Chrono Boost)  
  37  3:23  Probe (Chrono Boost)  
  37  3:25  Probe (Chrono Boost)  
  39  3:30  Oracle (Chrono Boost)  
  42  3:34  Probe  
  42  3:35  Probe  
  42  3:37  Gateway x2  
  42  3:40  Pylon  
  44  3:45  Probe  
  44  3:46  Probe  
  46  3:56  Pylon, Probe  
  46  3:58  Adept  
  46  3:59  Probe  
  46  4:00  Gateway  
  50  4:06  Mothership Core  
  52  4:17  Pylon  
  52  4:27  Probe  
  53  4:34  Probe  
  54  4:39  Probe  
  54  4:40  Adept x3  
  54  4:42  Void Ray (Chrono Boost)  
  65  4:51  Probe  
  65  4:52  Pylon, Probe  
  67  4:53  Pylon  
  67  5:01  Probe  
  68  5:09  Assimilator x2  
  68  5:14  Adept x4, Nexus  
  72  5:15  Pylon  
  76  5:23  Probe  
  76  5:24  Probe  
  78  5:44  Adept x4  
  86  5:51  Probe  
  86  5:52  Probe  
  86  5:54  Twilight Council  
  78  6:01  Probe  
  79  6:04  Probe  
  79  6:05  Adept x3  
  79  6:06  Adept  
  85  6:12  Probe  
  85  6:15  Robotics Facility  
  85  6:16  Probe  
  85  6:17  Pylon  
Show
View Real Time Build Order
Export as new Build Order

Miszu Terran 

Build Orders:  

Get SALT Encoding   

  12  0:00  SCV  
  13  0:12  SCV  
  14  0:22  Supply Depot  
  14  0:25  SCV  
  15  0:43  SCV  
  15  0:45  Barracks  
  16  0:55  SCV  
  17  1:07  SCV  
  18  1:17  Command Center  
  18  1:19  SCV  
  19  1:32  Marine  
  19  1:35  Orbital Command  
  20  1:50  Supply Depot, Marine  
  21  1:56  Barracks  
  21  2:00  SCV  
  22  2:04  Barracks  
  22  2:11  Marine  
  22  2:12  SCV  
  24  2:24  SCV  
  24  2:29  Refinery x2  
  25  2:30  Marine  
  25  2:35  Orbital Command  
  25  2:36  SCV  
  27  2:43  Marine  
  28  2:48  SCV  
  28  2:51  Marine  
  30  2:52  Marine  
  31  3:00  SCV  
  31  3:03  Supply Depot  
  31  3:04  Barracks Tech Lab, Orbital Command  
  32  3:09  Marine x2  
  34  3:13  SCV  
  35  3:23  Marine  
  35  3:25  SCV  
  35  3:26  Marine  
  38  3:27  Marine  
  38  3:32  SCV  
  40  3:34  Stimpack  
  40  3:37  Factory, SCV  
  41  3:44  Supply Depot, SCV  
  41  3:47  Marine  
  43  3:48  Marine  
  43  3:49  Marine, SCV  
  46  3:56  SCV  
  46  4:01  SCV  
  48  4:04  Engineering Bay  
  48  4:05  Marine  
  48  4:08  Marine x2, Refinery, SCV  
  52  4:13  SCV  
  52  4:14  Supply Depot  
  53  4:20  SCV  
  53  4:23  Marine  
  55  4:25  SCV  
  55  4:26  Marine x2  
  56  4:33  SCV  
  56  4:37  SCV  
  56  4:41  Marine  
  56  4:45  SCV  
  54  4:49  SCV, Missile Turret  
  54  4:54  Starport  
  54  4:57  SCV  
  55  5:00  Factory Reactor  
  55  5:01  Barracks Reactor, SCV  
  55  5:02  Barracks Tech Lab  
  55  5:09  SCV  
  55  5:14  SCV  
  57  5:16  Marauder  
  60  5:21  SCV  
  60  5:26  SCV  
  61  5:32  Barracks  
  61  5:33  SCV  
  61  5:34  Barracks  
  57  5:38  SCV  
  52  5:56  Marine  
  48  5:57  Marine x2, Marauder  
  48  6:00  Bunker  
  48  6:01  Supply Depot  
  49  6:10  Missile Turret  
Tags
 
Add a new tag
Caveats
  • Supply blocks, unpowered buildings, or Contaminate may cause inaccurate times.
  • Supply counts are checked every 10 seconds.